 Dungeon Crawl Stone Soup version 0.17-a0-1-g1f4be75 (webtiles) character file.

219 McCoppin the Skirmisher (level 5, 0/39 HPs)
             Began as an Octopode Fighter on Mar 5, 2015.
             Slain by a hobgoblin (4 damage)
             ... on level 3 of the Dungeon.
             The game lasted 00:10:29 (3280 turns).

McCoppin the Skirmisher (Octopode Fighter)          Turns: 3280, Time: 00:10:29

Health: 0/39       AC:  1    Str: 21    XL:     5   Next: 96%
Magic:  5/5        EV: 10    Int: 10    God:
Gold:   187        SH:  9    Dex: 12    Spells: 0 memorised, 4 levels left

rFire  . . .     SeeInvis .     a - +0 long sword
rCold  . . .     Clarity  .     c - +0 shield
rNeg   . . .     SustAb   .     (helmet restricted)
rPois  .         Gourm    .     (no amulet)
rElec  .         Spirit   .     (no ring)
rCorr  .         Warding  .     (no ring)
rMut   .         Stasis   .     (no ring)
MR     .....                    (no ring)
Stlth  ++........               (no ring)
                                (no ring)
                                (no ring)
                                (no ring)

@: mighty, drained, not resistant to hostile enchantments, unstealthy
A: almost no armour, amphibious, 8 rings, constrict 8, camouflage 1, gelatinous
body 1
a: no special abilities


You were on level 3 of the Dungeon.
You were not hungry.

You visited 1 branch of the dungeon, and saw 3 of its levels.

You collected 187 gold pieces.

Inventory:

Hand weapons
 a - a +0 long sword (weapon)
 e - a +0 dagger of speed
Missiles
 g - 13 poisoned needles
 i - 4 curare-tipped needles
 n - 10 needles of sleeping
 s - 55 stones (quivered)
Armour
 c - a +0 shield (worn)
Scrolls
 b - a scroll of noise {unknown}
 f - 3 scrolls of identify {unknown}
 l - a scroll of immolation {unknown}
 p - 2 scrolls of remove curse {unknown}
 r - 2 scrolls of enchant weapon {unknown}
Potions
 t - a potion of magic
Books
 w - a book of the Sky

   Spells                             Type                      Level
   a - Flight                         Charms/Air                   3
   b - Airstrike                      Air                          4
   c - Silence                        Hexes/Air                    5
   d - Deflect Missiles               Charms/Air                   6
   e - Conjure Ball Lightning         Conjuration/Air              6
   f - Tornado                        Air                          9
Comestibles
 d - 3 bread rations
 h - 3 slices of pizza
 k - a fruit
 m - a beef jerky
 v - a meat ration


   Skills:
 + Level 5.0(4.4) Fighting
 + Level 4.4(3.8) Long Blades
 - Level 3.0(2.4) Dodging
 - Level 3.0(2.4) Shields


You had 4 spell levels left.
You didn't know any spells.

Dungeon Overview and Level Annotations

Branches:
Dungeon (3/15)

Altars:
Nemelex Xobeh


Innate Abilities, Weirdness & Mutations

You cannot wear most types of armour.
You are amphibious.
You can wear up to eight rings at the same time.
You can use your tentacles to constrict many enemies at once.
Your skin changes colour to match your surroundings (Stealth).
Your rubbery body absorbs attacks (AC +1).


Message History

You constrict the adder.
You kill the adder!
Your base Fighting skill increases to level 5!
You slash the orc!
You kill the orc!
Items here: )) [ † a club; a scale mail; a mace; an adder corpse
Things that are here:
a club; an orc corpse A hobgoblin comes into view.
Things that are here:
a dagger of draining; a robe The hobgoblin shouts!
The hobgoblin closely misses you.
A rat comes into view.
You closely miss the hobgoblin. Your grab misses the hobgoblin.
The hobgoblin barely misses you.
You closely miss the hobgoblin. You grab the hobgoblin.
You constrict the hobgoblin. The hobgoblin hits you.
You die...

#)####..... ... ... #.# ##
#...... ..# #)### #.## #...>..
#.# #...# #... ...... #.# ###.#
..###r...# #.# # #.# ... .....
#.###### # #.# #.# ... #.#
##.)..... # #.# #.# #g# #.#
#÷.<).... ###.# #.###.####@# #.#
#.####### )##.# #....).))))#
#.####÷####### )##.# #####†####.#
#.##..........
(##.#######.###...##.##.#.######.
(##...............##.##.#.#
.##########.###..#.#.##.#.## .#
#.....###...#....#### .#
#####..#.#.....#.......
.########### #.#.###.#....####.


You could see a hobgoblin and a rat.

Vanquished Creatures
  An orc priest (D:3)
  An orc wizard (D:3)
  Terence (D:2)
  6 adders
  3 gnolls (D:2)
  2 giant geckos
  An ooze (D:2)
  10 orcs
  2 bats
  2 giant cockroaches (D:1)
  8 goblins
  6 hobgoblins
  3 kobolds
  2 ball pythons
  5 giant newts
  9 jackals
  4 rats
66 creatures vanquished.

Notes
Turn   | Place    | Note
--------------------------------------------------------------
     0 | D:1      | McCoppin, the Octopode Fighter, began the quest for the Orb.
     0 | D:1      | Reached XP level 1. HP: 16/16 MP: 1/1
   777 | D:1      | Reached XP level 2. HP: 18/21 MP: 2/2
  1345 | D:2      | Reached XP level 3. HP: 26/26 MP: 3/3
  2046 | D:2      | Reached XP level 4. HP: 31/33 MP: 4/4
  2056 | D:2      | Reached skill level 4 in Fighting
  2249 | D:2      | Noticed Terence
  2267 | D:2      | Killed Terence
  2611 | D:2      | Found a sparkling altar of Nemelex Xobeh.
  2615 | D:2      | Reached XP level 5. HP: 35/38 MP: 5/5
  3273 | D:3      | Reached skill level 5 in Fighting
  3280 | D:3      | Slain by a hobgoblin

Action                   |  1- 3 |  4- 6 || total
-------------------------+-------+-------++-------
Melee: Long sword        |    69 |    81 ||   150
  Use: Potion            |     3 |     5 ||     8
 Stab: Sleeping          |     2 |     2 ||     4
  Eat: Bread ration      |     1 |       ||     1
       Chunk             |       |     3 ||     3
